 Dungeon Crawl Stone Soup version 0.30.1-9-gdf580d7c3d (webtiles) character file.

Game seed: 3380545236906577058

45 Psyclone the Conjurer (level 3, -7/19 HPs)
             Began as a Deep Elf Conjurer on Sept 29, 2023.
             Mangled by Terence
             ... wielding a +1 flail of protection
              (9 damage)
             ... on level 2 of the Dungeon.
             The game lasted 00:02:09 (1246 turns).

Psyclone the Conjurer (Deep Elf Conjurer)           Turns: 1246, Time: 00:02:09

Health: -7/19      AC:  2    Str:  4    XL:     3   Next: 42%
Magic:  1/10       EV: 12    Int: 24    God:
Gold:   40         SH:  0    Dex: 13    Spells: 7/10 levels left

rFire   . . .        (no weapon)
rCold   . . .        (no shield)
rNeg    . . .        a - +0 robe
rPois   .            (no helmet)
rElec   .            (no cloak)
rCorr   .            (no gloves)
SInv    .            (no boots)
Will    .....        (no amulet)
Stlth   ++           (no ring)
HPRegen 0.23/turn    (no ring)
MPRegen 0.12/turn

%: no passive effects
@: no status effects
A: no striking features
a: no special abilities


You were on level 2 of the Dungeon.
You visited 1 branch of the dungeon, and saw 2 of its levels.

You collected 40 gold pieces.

Inventory:

Hand Weapons
 d - a +0 dagger
Missiles
 c - a throwing net {!f}
Armour
 a - a +0 robe (worn)
Scrolls
 e - a scroll of enchant weapon {unknown}
 f - a scroll of noise {unknown}
 h - a scroll of identify {unknown}
 i - a scroll of teleportation {unknown}
Potions
 b - a potion of magic
 g - a potion of curing {unknown}


   Skills:
 - Level 2.4 Dodging
 - Level 2.4 Stealth
 + Level 4.3 Spellcasting
 + Level 5.1 Conjurations


You had 7 spell levels left.
You knew the following spells:

 Your Spells              Type           Power      Damage    Failure   Level
a - Magic Dart            Conj           100%       1d8       1%          1
b - Searing Ray           Conj           58%        2d6       1%          2

Your spell library contained the following spells:

 Spells                   Type           Power      Damage    Failure   Level
 Dazzling Flash           Conj/Hex       34%        N/A       10%         3
 Cigotuvi's Dreadful Rot  Necr/Pois/Air  10%        N/A       14%         2
 Ignite Poison            Fire/Tmut/Pois 5%         N/A       28%         3
 Fulminant Prism          Conj/Hex       8%         3d7       32%         4
 Iskenderun's Mystic Bla  Conj/Tloc      17%        2d5       32%         4
 Freezing Cloud           Conj/Ice/Air   6%         6-21      78%         5


Dungeon Overview and Level Annotations

Branches:
Dungeon (2/15) Zot: 10755

Altars:

Annotations:
D:2 Terence


Message History

The searing ray hits Terence but does no damage. (Press . to maintain the ray.)
You now have 6/10 mp.
The searing ray hits Terence but does no damage.
You now have 5/10 mp.
The searing ray hits Terence.
Terence is moderately wounded.
You now have 4/10 mp.
The searing ray misses Terence.
You finish channelling your searing ray.
Terence hits you with a +1 flail of protection.
You take 6 damage, and have 13/19 hp.
MASSIVE DAMAGE!!
You now have 3/10 mp.
Casting: Searing Ray (safe; 1% risk of failure)
Confirm with . or Enter, or press ? or * to list all spells.
Aiming: Searing Ray (safe; 1% risk of failure)
Press: ? - help, Shift-Dir - straight line, f/p - Terence
Aim: Terence, wielding a +1 flail of protection and wearing a +0 chain mail (moderately wounded, 85% to hit)
The searing ray hits Terence but does no damage.
Terence is moderately wounded. (Press . to maintain the ray.) Terence misses you.
You now have 1/10 mp.
The searing ray hits Terence.
Terence is heavily wounded.
Terence hits you with a +1 flail of protection!
* * * LOW HITPOINT WARNING * * *
You take 9 damage, and have 5/19 hp.
MASSIVE DAMAGE!!
You now have 0/10 mp.
Casting: Searing Ray (safe; 1% risk of failure)
Confirm with . or Enter, or press ? or * to list all spells.
You don't have enough magic to cast this spell.
Unknown command.
Terence attacks as you move away! Terence closely misses you.
Terence attacks as you move away!
Terence hits you with a +1 flail of protection.
* * * LOW HITPOINT WARNING * * *
You take 4 damage, and have 1/19 hp.
MASSIVE DAMAGE!!
Terence looks scornfully at you. Terence attacks as you move away!
Terence hits you with a +1 flail of protection!
You die...

..... #. #..#
#. #..###### #.
##.......### #.
#........... #.
#.#.####.### #.
#.#.# #....
#.#########.#.#
#####
#...@@...##.#.#
#.............#
###############


You could see Terence.

Vanquished Creatures
  4 dart slugs
  A ball python (D:1)
  2 endoplasms (D:1)
  2 giant cockroaches
  5 goblins (D:1)
  3 hobgoblins (D:1)
  2 jackals (D:2)
  2 quokkas (D:1)
  7 bats (D:1)
  2 frilled lizards (D:1)
  3 kobolds (D:1)
33 creatures vanquished.

Notes
Turn   | Place    | Note
-------+----------+-------------------------------------------
     0 | D:1      | Psyclone the Deep Elf Conjurer began the quest for the Orb.
     0 | D:1      | Reached XP level 1. HP: 10/10 MP: 6/6
   159 | D:1      | Reached XP level 2. HP: 15/15 MP: 4/8
   791 | D:1      | Reached skill level 5 in Conjurations
   791 | D:1      | Reached XP level 3. HP: 19/19 MP: 7/10
  1229 | D:2      | Noticed Terence
  1234 | D:2      | Learned a level 2 spell: Searing Ray
  1246 | D:2      | Mangled by Terence

Illustrated notes

Levels and vault maps discovered:
D:1:      minmay_arrival_up_and_down, layout_loops_cross, grunt_decor_fettered
D:2:      layout_loops_ring, basic_altar, uniq_robin, uniq_terence

Skill      XL: |  1  2 |
---------------+-------+-----
Spellcasting   | 4 |  4.3
Conjurations   | 5 |  5.1
Dodging        | |  2.4
Stealth        | |  2.4

Action                     || total
---------------------------++-------
   Cast: Magic Dart        ||    63
         Searing Ray       ||     2
 Armour: Robe              ||     1
  Dodge: Dodged            ||     3
